 Dungeon Crawl Stone Soup version 0.19-a0-1891-ge1d1fe8 (webtiles) character file.

2641 Minion the Covert (level 9, 0/54 HPs)
             Began as an Octopode Assassin on Oct 18, 2016.
             Was a Follower of Dithmenos.
             Slain by an orc priest
             ... wielding a +0 trident
              (7 damage)
             ... on level 8 of the Dungeon.
             The game lasted 00:24:24 (5820 turns).

Minion the Covert (Octopode Assassin)               Turns: 5820, Time: 00:24:26

Health: 0/54       AC:  1    Str: 20    XL:     9   Next: 61%
Magic:  9/9        EV: 17    Int: 13    God:    Dithmenos [*.....]
Gold:   210        SH:  0    Dex: 17    Spells: 0 memorised, 8 levels left

rFire  . . .     SeeInvis .     a - +3 dagger
rCold  . . .     Gourm    .     (no shield)
rNeg   . . .     Faith    .     (helmet restricted)
rPois  .         Spirit   .     (no amulet)
rElec  .         Reflect  .     u - ring of resist corrosion
rCorr  +         Harm     .     v - +6 ring of strength
MR     .....                    E - +4 ring of strength
Stlth  ++++++++..               (no ring)
                                (no ring)
                                (no ring)
                                (no ring)
                                (no ring)

@: wreathed by umbra
A: almost no armour, stealthy swim, amphibious, 8 rings, constrict 8, camouflage
1, gelatinous body 1
a: Renounce Religion


You were on level 8 of the Dungeon.
You worshipped Dithmenos.
Dithmenos was aware of your devotion.
You were hungry.

You visited 1 branch of the dungeon, and saw 8 of its levels.

You collected 342 gold pieces.
You spent 132 gold pieces at shops.

Inventory:

Hand Weapons
 a - a +3 dagger (weapon)
 b - a +0 blowgun
Missiles
 c - 49 poisoned needles
 d - 2 curare-tipped needles (quivered)
Jewellery
 u - a ring of resist corrosion (left tentacle)
 v - a +6 ring of strength (right tentacle)
 E - a +4 ring of strength (on tentacle)
Scrolls
 e - 3 scrolls of enchant weapon
 g - 2 scrolls of enchant armour {unknown}
 h - 2 scrolls of fear {unknown}
 i - 3 scrolls of remove curse
 m - 4 scrolls of identify {unknown}
 n - a scroll of blinking {unknown}
 p - 2 scrolls of fog
 x - 2 scrolls of recharging {unknown}
 y - 2 scrolls of amnesia {unknown}
 D - 3 scrolls of random uselessness {unknown}
 G - 5 scrolls of magic mapping {unknown}
 K - 2 scrolls of teleportation {unknown}
Potions
 j - 3 potions of flight
 k - a potion of haste {unknown}
 l - a potion of might {unknown}
 o - a potion of cure mutation {unknown}
 q - a potion of agility {unknown}
 r - 2 potions of beneficial mutation {unknown}
 w - 2 potions of curing
 z - a potion of heal wounds
 A - 2 potions of resistance {unknown}
 C - a potion of lignification {unknown}
 J - a potion of cancellation {unknown}
 L - 2 potions of mutation {unknown}
Books
 H - a book of Flames

   Spells                             Type                      Level
   a - Flame Tongue                   Conjuration/Fire             1
   b - Throw Flame                    Conjuration/Fire             2
   c - Conjure Flame                  Conjuration/Fire             3
   d - Inner Flame                    Hexes/Fire                   3
   e - Sticky Flame                   Conjuration/Fire             4
   f - Fireball                       Conjuration/Fire             5
   Dithmenos disapproves of the use of such an item.
 M - a book of Conjurations

   Spells                             Type                      Level
   a - Magic Dart                     Conjuration                  1
   b - Searing Ray                    Conjuration                  2
   c - Dazzling Spray                 Conjuration/Hexes            3
   d - Fulminant Prism                Conjuration/Hexes            4
   e - Iskenderun's Mystic Blast      Conjuration                  4
   f - Iskenderun's Battlesphere      Conjuration/Charms           5
Comestibles
 f - 4 bread rations
 s - a meat ration
 t - 2 slices of pizza
 B - a beef jerky
 F - 4 fruits
 I - 4 chunks of flesh


   Skills:
 - Level 2.0 Fighting
 + Level 8.4 Short Blades
 - Level 2.0 Throwing
 + Level 5.6 Dodging
 + Level 12.3 Stealth


You had 8 spell levels left.
You didn't know any spells.

Dungeon Overview and Level Annotations

Branches:
Dungeon (9/15)             Temple (0/1) D:4
   Lair: D:8-11         Orc: D:9-12

Altars:
Ashenzari
Dithmenos
Elyvilon
Gozag
Kikubaaqudgha
Ru
Xom
Yredelemnul
Zin

Shops:
D:4 !   D:6 ((

Annotations:
D:9 Erolcha


Innate Abilities, Weirdness & Mutations

You cannot wear most types of armour.
You are very stealthy in the water. (Stealth+)
You are amphibious.
You can wear up to eight rings at the same time.
You can use your tentacles to constrict eight enemies at once.
Your skin changes colour to match your surroundings (Stealth+).
Your rubbery body absorbs attacks. (AC +1, EV +1)


Message History

The wyvern closely misses you.
An orc comes into view. It is wielding a club.
The wyvern barely misses you. The wyvern bites you!
There is a stone staircase leading down here.
You are feeling hungry.
The wyvern closely misses you.
You climb downwards.
Level annotation: Erolcha A worker ant and a centaur come into view.
Found 14 gold pieces.
There is a stone staircase leading up here.
The centaur shouts!
The wyvern completely misses you. The wyvern bites you!
* * * LOW HITPOINT WARNING * * *
You climb upwards.
The orc priest hits you from afar with a trident.
* * * LOW HITPOINT WARNING * * *
The orc priest hits you from afar with a trident!
You die...

..................._#
................#..8#
...............###### .
#............p## ..#
##...........## #..##
##..........### ####.....#
###.....#....######o.......#
##..###....l##..o.#####...
#### ##....@.o#### ##....###
#.....# ##....# #....#
##...## #### #....# ##..#
#....###...## ##..#........#


You could see a wyvern, an orc priest and 2 orcs.

Vanquished Creatures
  Pikel (D:8)
  Maurice (D:8)
  A two-headed ogre (D:8)
  Edmund (D:4)
  Menkaure (D:4)
  2 ice beasts
  2 phantoms
  An ogre (D:5)
  A centaur (D:6)
  The ghost of Eniamerus the Covert, an amateur SpAs (D:3)
  2 bullfrogs
  A howler monkey (D:5)
  2 crimson imps
  2 bullfrog zombies
  A centaur zombie (D:5)
  2 hounds
  An orc priest (D:5)
  3 bullfrog skeletons
  2 worker ants
  A hound skeleton (D:8)
  A howler monkey zombie (D:5)
  2 howler monkey skeletons
  14 adders
  An ooze (D:6)
  3 adder zombies (D:5)
  2 worms
  4 dart slugs
  4 leopard geckos
  13 orcs
  5 giant cockroaches
  8 goblins
  4 hobgoblins
  10 jackals
  7 kobolds
  3 quokkas
  2 ball pythons
  8 bats
  5 frilled lizards
  A giant cockroach zombie (D:5)
  A jackal skeleton (D:5)
  A quokka zombie (D:5)
  9 rats
137 creatures vanquished.

Vanquished Creatures (others)
  A quokka (D:4)
  15 toadstools (D:8)
16 creatures vanquished.

Grand Total: 153 creatures vanquished

Notes
Turn   | Place    | Note
-------+----------+-------------------------------------------
     0 | D:1      | Minion the Octopode Assassin began the quest for the Orb.
     0 | D:1      | Reached XP level 1. HP: 14/14 MP: 1/1
   284 | D:1      | Reached XP level 2. HP: 19/19 MP: 2/2
   802 | D:2      | Reached skill level 6 in Stealth
   802 | D:2      | Reached XP level 3. HP: 20/24 MP: 3/3
   949 | D:2      | Found a shattered altar of Ashenzari.
  1056 | D:2      | Reached XP level 4. HP: 28/29 MP: 4/4
  1751 | D:2      | Found a sacrificial altar of Ru.
  1796 | D:2      | Found a faded altar of an unknown god.
  1816 | D:2      | Reached skill level 7 in Stealth
  2090 | D:3      | Reached XP level 5. HP: 30/34 MP: 5/5
  2533 | D:3      | Noticed Eniamerus's ghost (amateur SpAs)
  2549 | D:3      | Killed Eniamerus's ghost
  2664 | D:3      | Found a glowing silver altar of Zin.
  2664 | D:3      | Noticed an angel
  2665 | D:3      | Found a shimmering altar of Xom.
  3060 | D:4      | Found a shadowy altar of Dithmenos.
  3064 | D:4      | Reached XP level 6. HP: 39/39 MP: 6/6
  3075 | D:4      | Became a worshipper of Dithmenos the Shadowed
  3091 | D:4      | Noticed Edmund
  3098 | D:4      | Killed Edmund
  3098 | D:4      | Reached skill level 5 in Short Blades
  3098 | D:4      | Reached skill level 8 in Stealth
  3129 | D:4      | Found a staircase to the Ecumenical Temple.
  3189 | D:4      | Found an ancient bone altar of Kikubaaqudgha.
  3345 | D:4      | Found a white marble altar of Elyvilon.
  3658 | D:4      | Found Lufakkeyrgh's Distillery.
  3661 | D:4      | Bought a potion of degeneration for 11 gold pieces
  3661 | D:4      | Bought a potion of heal wounds for 55 gold pieces
  3661 | D:4      | Bought a potion of curing for 33 gold pieces
  3661 | D:4      | Bought a potion of flight for 33 gold pieces
  3708 | D:4      | Reached XP level 7. HP: 42/45 MP: 7/7
  3725 | D:4      | Noticed Menkaure
  3733 | D:4      | Killed Menkaure
  3733 | D:4      | Reached skill level 9 in Stealth
  3767 | D:5      | Entered Level 5 of the Dungeon
  4138 | D:5      | Reached * piety under Dithmenos
  4198 | D:5      | Reached skill level 10 in Stealth
  4565 | D:5      | Reached XP level 8. HP: 35/50 MP: 8/8
  4994 | D:6      | Found Agorchuo's Antique Weapon Shop.
  5001 | D:6      | Found a sacrificial altar of Ru.
  5238 | D:6      | Found Tarix's Antique Weapon Emporium.
  5286 | D:6      | You fall through a shaft for 3 floors!
  5305 | D:9      | Found a shimmering altar of Xom.
  5316 | D:9      | Reached skill level 11 in Stealth
  5326 | D:9      | Noticed Erolcha
  5437 | D:8      | Found a basalt altar of Yredelemnul.
  5505 | D:8      | Noticed Maurice
  5512 | D:8      | Killed Maurice
  5512 | D:8      | Reached XP level 9. HP: 54/54 MP: 9/9
  5599 | D:8      | Noticed a two-headed ogre
  5604 | D:8      | Killed a two-headed ogre
  5629 | D:8      | Noticed Pikel
  5666 | D:8      | Reached skill level 5 in Dodging
  5680 | D:8      | Killed Pikel
  5680 | D:8      | Reached skill level 12 in Stealth
  5714 | D:8      | Found an opulent altar of Gozag.
  5820 | D:8      | Slain by an orc priest

Vault maps used:
D:1:      dpeg_arrival_water_temple_mockup, minmay_misc_feat_alley
D:2:      ashenzari_altar_1, ecumenical_altar_2, nicolae_ru_path_of_blood
D:3:      wad_river_or_something, grunt_temple_overflow_order_and_chaos_1,
          minmay_randomly_rotated_circles
D:4:      elyvilon_altar_4, kiku_gazebo_pond_becter, serial_shops,
          kennysheep_mini_moat, nicolae_dithmenos_through_a_glass_darkly,
          uniq_menkaure, uniq_edmund
D:5:      serial_undead, serial_undead_b, serial_undead_c, serial_undead_a,
          serial_undead_b, first_bread
D:6:      old_standard_altar, lightli_sewer_entry_pipes, serial_shops,
          nicolae_shop_competitors_out_of_business, shop,
          nicolae_shop_statue_plus, shop, nicolae_shop_trees,
          minmay_misc_feat_iff
D:8:      tgw_fedhas, lemuel_coloured_pillars_altar, grunt_gozag_breadcrumbs,
          uniq_pikel, uniq_maurice
D:9:      basic_altar, david_nohive_1, uniq_erolcha

Skill      XL: |  1  2  3  4  5  6  7  8  9 |
---------------+----------------------------+-----
Stealth        | 6 7 8 10 11 12 | 12.3
Short Blades   | 3 4 5 6 7 8 |  8.4
Dodging        | 2 4 5 |  5.6
Fighting       | |  2.0
Throwing       | |  2.0

Action                   |  1- 3 |  4- 6 |  7- 9 || total
-------------------------+-------+-------+-------++-------
Melee: Dagger            |    41 |   116 |   185 ||   342
       Constrict         |    10 |    21 |    36 ||    67
       Tentacles         |     4 |    16 |    48 ||    68
 Fire: Blowgun           |       |     1 |       ||     1
  Use: Scroll            |       |     1 |     2 ||     3
       Potion            |       |       |     4 ||     4
 Stab: Sleeping          |    12 |    22 |    14 ||    48
       Distracted        |       |     3 |       ||     3
  Eat: Chunk             |       |     5 |     1 ||     6
       Bread ration      |       |     1 |     1 ||     2
Armor: Skin              |     5 |    10 |     5 ||    20
Dodge: Dodged            |    22 |    51 |   114 ||   187
